 Dungeon Crawl Stone Soup version 0.31-a0-1370-gf52a5a9ab3 (webtiles) character file.

Game seed: 1802494450697308672

436 kae the Sneak (level 6, -4/44 HPs)
             Began as a Demonspawn Enchanter on Dec 23, 2023.
             Slain by a gnoll
             ... wielding a +0 club
             ... led by a gnoll bouda
              (5 damage)
             ... on level 4 of the Dungeon.
             The game lasted 00:03:19 (3610 turns).

kae the Sneak (Demonspawn Enchanter)                Turns: 3610, Time: 00:03:19

Health: -4/44      AC:  2    Str:  9    XL:     6   Next: 68%
Magic:  4/10       EV: 12    Int: 15    God:
Gold:   78         SH:  0    Dex: 15    Spells: 5/10 levels left

rFire   . . .        a - +1 dagger
rCold   . . .        (no shield)
rNeg    . . .        b - +0 robe
rPois   .            (no helmet)
rElec   .            (no cloak)
rCorr   .            (no gloves)
SInv    .            (no boots)
Will    .....        (no amulet)
Stlth   +++          (no ring)
HPRegen 0.27/turn    (no ring)
MPRegen 0.12/turn

%: no passive effects
@: no status effects
A: hooves 2, foul stench 1, powered by death 2
a: no special abilities


You were on level 4 of the Dungeon.
You visited 1 branch of the dungeon, and saw 5 of its levels.

You collected 78 gold pieces.


Innate Abilities, Weirdness & Mutations

You have hoof-like feet.
You may rarely emit foul miasma when damaged in melee.
You regenerate health from kills.


   Skills:
 + Level 2.1 Fighting
 * Level 3.1 Short Blades
 - Level 1.7 Dodging
 * Level 4.4 Stealth
 + Level 2.9 Spellcasting
 + Level 3.8 Hexes
 + Level 1.7 Ice Magic


You had 5 spell levels left.
You knew the following spells:

 Your Spells              Type           Power      Damage    Failure   Level
a - Ensorcelled Hibernat  Hex/Ice        20%        N/A       10%         2
b - Confusing Touch       Hex            13%        N/A       12%         3

Your spell library contained the following spells:

 Spells                   Type           Power      Damage    Failure   Level
 Tukima's Dance           Hex            13%        N/A       12%         3
 Dazzling Flash           Conj/Hex       16%        N/A       26%         3

Inventory:

Hand Weapons
 a - a +1 dagger (weapon)
Missiles
 g - 37 stones
 r - 6 poisoned darts
Armour
 b - a +0 robe (worn)
Magical Staves
 q - a staff of conjuration {!a}
   (You found it on level 4 of the Dungeon)
Jewellery
 m - an amulet of magic regeneration
   (You found it on level 3 of the Dungeon)
 T - an amulet of faith {!P}
   (You found it on level 3 of the Dungeon)
Wands
 j - a wand of flame (15)
   (You found it on level 3 of the Dungeon)
Scrolls
 f - a scroll of revelation
 n - a scroll of enchant weapon {unknown}
 o - a scroll of identify {unknown}
 s - a scroll of fear {unknown}
 u - a scroll of butterflies {unknown}
Potions
 c - 2 potions of invisibility
 d - 2 potions of might {unknown}
 e - 3 potions of curing {unknown}
 h - a potion of berserk rage {unknown}
 i - 2 potions of brilliance {unknown}
 k - a potion of mutation {unknown}
 l - 3 potions of ambrosia {unknown}
 p - a potion of heal wounds {unknown}
 t - a potion of degeneration {unknown}

Dungeon Overview and Level Annotations

Branches:
Dungeon (5/15) Zot: 26376
 Temple: D:4-7

Altars:
Makhleb
Trog
Yredelemnul

Shops:
D:2 =

Annotations:
D:4 2 transporters

###.#
##..#.#.##..########.#.....
#...#
#......#.#..#######.#.####.
#..####.....###..........###.#
#.
...#.....##.......#######.#.##
#. .#.#.#............# ##.##
## .#...#............# #.#
...#####.#.......## #.#
.#...#...#.....)g# ### #.# ###
##...#........##@# ##.###.#
#..
..##....##.#####g####.#...>#
#.# #.#####.##.# #.......#####
#[# #..........# ######..# #.#
#.#####.#### #..# #.#
#.#####.# #.)# #.# #.#.....#
#.<# ##.# #.#.##### ######..##
#... #.#.# #......#.# #.P.


You could see 2 gnolls.


Message History

An iguana is nearby!
You barely miss the iguana. The iguana bites you!
You closely miss the iguana.
An iguana is nearby! 😕 HP[-10]
You take 10 damage, and now have 34/44 hp.
MASSIVE DAMAGE!! (PAUSE)
Casting: Confusing Touch (dangerous; 13% risk of failure)
Confirm with . or Enter, or press ? or * to list all spells.
Aiming: Ensorcelled Hibernation (safe; 10% risk of failure)
Press: ? - help, Shift-Dir - straight line, f - iguana
Aim: an iguana (lightly wounded, chance to affect: 52%)
The iguana looks drowsy... 😕 MP[-2]
You lost 2 mp, and now have 8/10 mp.
Casting: Ensorcelled Hibernation (safe; 10% risk of failure)
Confirm with . or Enter, or press ? or * to list all spells.
You can't see any susceptible monsters within range! (Use Z to cast anyway.)
Casting: Ensorcelled Hibernation (safe; 10% risk of failure)
Confirm with . or Enter, or press ? or * to list all spells.
You can't see any susceptible monsters within range! (Use Z to cast anyway.)
The helpless iguana fails to defend itself.
You impale the iguana!!
You kill the iguana!
Key pressed, stopping explore.
No target in view!
No target in view!
u - a scroll labelled SUBROCVINA 😎 HP[+10] MP[+2]
Your hp is fully restored (44).
Your mp is fully restored (10).
Partly explored, unvisited transporter.
No target in view!
No target in view!
Partly explored, unvisited transporter.
No target in view!
No target in view!
Partly explored, unvisited transporter.
No target in view!
No target in view!
Partly explored, unvisited transporter.
There is a stone staircase leading down here.
You climb downwards.
The orc shouts!
The gnoll shouts! x2; The hound barks!
The gnoll shouts!
The gnoll bouda shouts!
The orc shouts! x2; You hear a bark!
You hear a shout!
Found a stone staircase leading up.
There is a stone staircase leading up here.
There are monsters nearby!
The hound barely misses you. The orc closely misses you.
The gnoll hits you with a +0 club. The gnoll hits you with a +0 halberd!
You climb upwards.
Level annotation: 2 transporters
There is a stone staircase leading down here. 😮 HP[-14]
You take 14 damage, and now have 30/44 hp.
MASSIVE DAMAGE!! (PAUSE)
Casting: Ensorcelled Hibernation (safe; 10% risk of failure)
Confirm with . or Enter, or press ? or * to list all spells.
Aiming: Ensorcelled Hibernation (safe; 10% risk of failure)
Press: ? - help, Shift-Dir - straight line, f - hound
Aim: a hound (chance to affect: 52%)
The hound looks drowsy...
The gnoll misses you.
The gnoll barely misses you. 😮 HP[+1] MP[-2]
You lost 2 mp, and now have 8/10 mp.
The helpless hound fails to defend itself.
You impale the hound!!
You kill the hound!
You hit the gnoll but do no damage. Your kick misses the gnoll.
The gnoll hits you with a +0 club.
The gnoll completely misses you. 😮 HP[-6]
You take 6 damage, and now have 25/44 hp.
Casting: Ensorcelled Hibernation (safe; 10% risk of failure)
Confirm with . or Enter, or press ? or * to list all spells.
Aiming: Ensorcelled Hibernation (safe; 10% risk of failure)
Press: ? - help, Shift-Dir - straight line, f - orc
Aim: an orc, wielding a +0 mace and wearing a +0 leather armour (chance to affect: 62%)
The orc looks drowsy...
The gnoll hits you with a +0 club.
The gnoll barely misses you. 😮 HP[-1] MP[-2]
You take 1 damage, and now have 24/44 hp.
You lost 2 mp, and now have 6/10 mp.
The helpless orc fails to defend itself.
You impale the orc!!
You kill the orc!
The gnoll hits you with a +0 club.
* * * LOW HITPOINT WARNING * * *
The gnoll hits you with a +0 halberd.
* * * LOW HITPOINT WARNING * * *
😨 HP[-9]
You take 9 damage, and now have 15/44 hp.
MASSIVE DAMAGE!! (PAUSE)
Casting: Ensorcelled Hibernation (safe; 10% risk of failure)
Confirm with . or Enter, or press ? or * to list all spells.
Aiming: Ensorcelled Hibernation (safe; 10% risk of failure)
Press: ? - help, Shift-Dir - straight line, f - gnoll
Aim: a gnoll, wielding a +0 club (chance to affect: 52%)
The gnoll resists with significant effort.
The gnoll hits you with a +0 halberd!
* * * LOW HITPOINT WARNING * * *
The gnoll hits you with a +0 club.
You die...

Skill      XL: |  1  2  3  4  5 |
---------------+----------------+-----
Short Blades   | 1 2 3 |  3.1
Stealth        | 3 4 |  4.4
Fighting       | 1 2 |  2.1
Ice Magic      | 1 |  1.7
Dodging        | |  1.7
Spellcasting   | |  2.9
Hexes          | |  3.8

Action                     |  1- 3 |  4- 6 || total
---------------------------+-------+-------++-------
  Melee: Dagger            |    96 |   172 ||   268
         Kick              |    10 |    44 ||    54
         Punch             |       |     3 ||     3
   Cast: Ensorcelled Hiber |     6 |    10 ||    16
         Confusing Touch   |       |     1 ||     1
  Evoke: Wand              |       |     1 ||     1
    Use: Scroll            |     4 |     1 ||     5
   Stab: Sleeping          |    10 |    16 ||    26
         Confused          |       |     2 ||     2
         Distracted        |       |     1 ||     1
 Armour: Robe              |    49 |   101 ||   150
  Dodge: Dodged            |    71 |    98 ||   169

Levels and vault maps discovered:
D:1:      lightli_arrival_statue_moat, layout_loops_cross,
          shapermc_ecumenical_altar_notcrosses, serial_bayou,
          serial_bayou_crossing, serial_bayou_ford_a, serial_bayou_lagoon_b,
          serial_bayou_pond_b, serial_bayou_pond_c
D:2:      layout_basic, basic_altar, serial_shops, nicolae_shop_gaudy_bauble,
          uniq_jessica, uniq_robin, uniq_terence
D:3:      layout_rooms, mainiacjoe_overflow_brackets, serial_forest,
          infiniplex_forest_clump_double, infiniplex_forest_lined_ring,
          infiniplex_forest_clump_curved, infiniplex_forest_clump_cross,
          infiniplex_forest_lined_3, infiniplex_forest_clump_cross,
          infiniplex_forest_end_3, serial_bayou_pond_c
D:4:      gammafunk_steamed_eel, layout_loops_ring, yredelemnul_altar_generic,
          lemuel_doored_altar, uniq_edmund
D:5:      layout_loops_cross, regret_index_kikubaaqudgha_part_by_part,
          zin_scriptorium, lemuel_temple_firewalk_b, hangedman_decor_opposing,
          uniq_crazy_yiuf_cottage

Notes
Turn   | Place    | Note
-------+----------+-------------------------------------------
     0 | D:1      | kae the Demonspawn Enchanter began the quest for the Orb.
     0 | D:1      | Reached XP level 1. HP: 13/13 MP: 3/3
     0 | D:1      | magus.rc [v1.11.3]
    54 | D:1      | Reached skill level 1 in Short Blades
   181 | D:1      | Gained mutation: You regenerate a little health from kills.
                  | [demonic ancestry]
   181 | D:1      | Reached XP level 2. HP: 20/20 MP: 5/5
   184 | D:1      | Learned a level 2 spell: Ensorcelled Hibernation
   372 | D:1      | Reached skill level 3 in Stealth
   486 | D:1      | Found a faded altar of an unknown god.
   728 | D:1      | HP: 5/20 [quokka (2)]
   734 | D:1      | HP: 2/20 [goblin/+0 dagger (4)]
   854 | D:1      | Gained mutation: You have large cloven feet. [demonic
                  | ancestry]
   854 | D:1      | Reached XP level 3. HP: 21/25 MP: 6/6
  1063 | D:2      | Noticed Jessica
  1067 | D:2      | Killed Jessica
  1164 | D:2      | Reached skill level 1 in Fighting
  1227 | D:2      | Gained mutation: You may rarely emit foul miasma when
                  | damaged in melee. [demonic ancestry]
  1227 | D:2      | Reached XP level 4. HP: 19/32 MP: 7/7
  1302 | D:2      | Found Olixzo's Jewellery Emporium.
  1612 | D:3      | Learned a level 3 spell: Confusing Touch
  1627 | D:3      | Reached skill level 2 in Short Blades
  1895 | D:2      | Noticed Terence
  1904 | D:2      | Killed Terence
  1905 | D:2      | Reached skill level 1 in Ice Magic
  1973 | D:2      | Noticed Robin
  1986 | D:2      | Gained mutation: You have hoof-like feet. [demonic
                  | ancestry]
  1986 | D:2      | Reached XP level 5. HP: 33/37 MP: 8/8
  2014 | D:2      | Killed Robin
  2374 | D:3      | Found a bloodstained altar of Trog.
  2823 | D:4      | Found a basalt altar of Yredelemnul.
  2896 | D:4      | Reached skill level 4 in Stealth
  2987 | D:4      | Found a transporter.
  3003 | D:4      | Found a transporter.
  3111 | D:4      | Noticed Edmund
  3122 | D:4      | HP: 9/38 [Edmund/+4 flail of protection (13)]
  3124 | D:4      | HP: 3/38 [Edmund/+4 flail of protection (7)]
  3126 | D:4      | Killed Edmund
  3127 | D:4      | Reached skill level 2 in Fighting
  3127 | D:4      | Reached skill level 3 in Short Blades
  3127 | D:4      | Gained mutation: You regenerate health from kills. [demonic
                  | ancestry]
  3127 | D:4      | Reached XP level 6. HP: 4/44 MP: 3/10
  3293 | D:4      | Found a burning altar of Makhleb.
  3602 | D:5      | Entered Level 5 of the Dungeon
  3610 | D:4      | HP: 1/44 [gnoll/+0 halberd[a gnoll bouda] (14)]
  3610 | D:4      | Slain by a gnoll

Vanquished Creatures
  Edmund (D:4)
  A hound (D:4)
  Terence (D:2)
  Jessica (D:2)
  2 iguanas (D:4)
  Robin (D:2)
  3 gnolls (D:3)
  4 adders
  3 worms
  3 orcs
  10 ball pythons
  5 bats
  6 endoplasms
  2 giant cockroaches
  17 goblins
  6 hobgoblins
  7 jackals (D:3)
  6 quokkas
  3 frilled lizards
  3 kobolds
  9 rats
94 creatures vanquished.

Table legend:
 A = Non-vault XP
 B = Vault XP
 C = Vault XP percentage of total XP
 D = Non-vault monster count
 E = Vault monster count
 F = Vault count percentage of total count
                 A         B        C        D         E       F
            +---------+---------+-------+---------+---------+-------
      Total |     332 |     291 |  46.7 |      78 |      16 |  17.0
            +---------+---------+-------+---------+---------+-------
        D:1 |      42 |       4 |   8.7 |      26 |       2 |   7.1
        D:2 |      41 |     111 |  73.0 |      14 |      13 |  48.1
        D:3 |      98 |       0 |   0.0 |      28 |       0 |   0.0
        D:4 |     151 |     176 |  53.8 |      10 |       1 |   9.1
            +---------+---------+-------+---------+---------+-------

Skill      XL: |  1  2  3  4  5 |
---------------+----------------+-----
Short Blades   | 1 2 3 |  3.1
Stealth        | 3 4 |  4.4
Fighting       | 1 2 |  2.1
Ice Magic      | 1 |  1.7
Dodging        | |  1.7
Spellcasting   | |  2.9
Hexes          | |  3.8

Action                     |  1- 3 |  4- 6 || total
---------------------------+-------+-------++-------
  Melee: Dagger            |    96 |   172 ||   268
         Kick              |    10 |    44 ||    54
         Punch             |       |     3 ||     3
   Cast: Ensorcelled Hiber |     6 |    10 ||    16
         Confusing Touch   |       |     1 ||     1
  Evoke: Wand              |       |     1 ||     1
    Use: Scroll            |     4 |     1 ||     5
   Stab: Sleeping          |    10 |    16 ||    26
         Confused          |       |     2 ||     2
         Distracted        |       |     1 ||     1
 Armour: Robe              |    49 |   101 ||   150
  Dodge: Dodged            |    71 |    98 ||   169

Illustrated notes

Table legend:
 A = Kills in this place as a percentage of kills in the entire game.
 B = Kills by you in this place as a percentage of kills by you in the entire game.
 C = Kills by friends in this place as a percentage of kills by friends in the entire game.
 D = Other kills in this place as a percentage of other kills in the entire game.
 E = Experience gained in this place as a percentage of experience gained in the entire game.
 F = Experience gained in this place divided by the number of levels of this place that you have seen.
                   A       B       C       D       E      F
               +-------+-------+-------+-------+-------+----------------------
         Total | 100.0 | 100.0 |   N/A |   N/A | 100.0 | 124.6
       Dungeon | 100.0 | 100.0 |   N/A |   N/A | 100.0 | 124.6
               +-------+-------+-------+-------+-------+----------------------

Table legend: (Time is in decaauts)
 A = Elapsed time spent in this place.
 B = Non-inter-level travel time spent in this place.
 C = Inter-level travel time spent in this place.
 D = Time resting spent in this place.
 E = Time spent auto-exploring this place.
 F = Levels seen in this place.
 G = Mean time per level.
                   A        B        C        D        E       F      G
               +--------+--------+--------+--------+--------+-----+--------+
         Total |   3622 |   3488 |    134 |     59 |   2737 |   5 |  724.4 |
       Dungeon |   3622 |   3488 |    134 |     59 |   2737 |   5 |  724.4 |
               +--------+--------+--------+--------+--------+-----+--------+

Top non-repeatable levels by time:
     D:1: 1032 daAuts
     D:2: 906 daAuts
     D:4: 867 daAuts
     D:3: 814 daAuts
     D:5: 1 daAuts
